 Dungeon Crawl Stone Soup version 0.30-a0-1160-g6e42c06551 (webtiles) character file.

Game seed: 12534933911431090179

752 nxttrainer the Firebug (level 8, -1/52 HPs)
             Began as a Formicid Fire Elementalist on Apr 27, 2023.
             Slain by a water moccasin (6 damage)
             ... on level 6 of the Dungeon.
             The game lasted 00:14:49 (1589 turns).

nxttrainer the Firebug (Formicid Fire Elementalist) Turns: 1589, Time: 00:14:50

Health: -1/52      AC:  2    Str: 20    XL:     8   Next: 6%
Magic:  21/23      EV: 12    Int: 16    God:
Gold:   90         SH:  0    Dex: 14    Spells: 12/15 levels left

rFire   . . .        a - +1 dagger (venom)
rCold   . . .        (no shield)
rNeg    . . .        d - +0 robe
rPois   .            (helmet unavailable)
rElec   .            (no cloak)
rCorr   .            (no gloves)
SInv    +            (no boots)
Will    .....        (no amulet)
Stlth   +            c - ring of magical power
HPRegen 0.28/turn    g - +6 ring of strength
MPRegen 0.18/turn

%: no passive effects
@: confused, lethally poisoned (-1 -> -6), ambrosia-drunk, attractive
A: permanent stasis, dig shafts and tunnels, antennae 3, four strong arms
a: Dig, Shaft Self


You were on level 6 of the Dungeon.
You visited 1 branch of the dungeon, and saw 6 of its levels.

You collected 90 gold pieces.

Inventory:

Hand Weapons
 a - a +1 dagger of venom (weapon)
Missiles
 e - 29 poisoned darts (quivered)
Armour
 d - a +0 robe (worn)
Jewellery
 c - a ring of magical power (left hand)
 g - a +6 ring of strength (right hand)
Wands
 p - a wand of flame (7)
Scrolls
 h - 2 scrolls of fog {unknown}
 l - a scroll of immolation {unknown}
 m - 4 scrolls of identify {unknown}
 n - a scroll of brand weapon {unknown}
 o - a scroll of enchant armour {unknown}
Potions
 b - a potion of magic
 k - a potion of brilliance {unknown}
 q - a potion of mutation {unknown}


   Skills:
 - Level 1.7 Dodging
 - Level 2.4 Stealth
 + Level 4.2 Spellcasting
 * Level 4.7 Conjurations
 * Level 6.1 Fire Magic


You had 12 spell levels left.
You knew the following spells:

 Your Spells              Type           Power      Damage    Failure   Level
x - Scorch                Fire           44%        2d6       1%          2
z - Foxfire               Conj/Fire      80%        2x1d8     1%          1

Your spell library contained the following spells:

 Spells                   Type           Power      Damage    Failure   Level
 Inner Flame              Hex/Fire       13%        N/A       14%         3
 Volatile Blastmotes      Fire/Tloc      26%        2d12      14%         3
 Flame Wave               Conj/Fire      20%        2d7       17%         4
 Sticky Flame             Conj/Fire      20%        2d4       17%         4


Dungeon Overview and Level Annotations

Branches:
Dungeon (6/15)
 Temple: D:4-7

Altars:
Makhleb
The Shining One

Annotations:
D:4 Eustachio


Innate Abilities, Weirdness & Mutations

You cannot be hasted, slowed, berserked, paralysed or teleported.
You can dig through walls and to a lower floor.
You have a pair of large antennae on your head. (SInv)
Your four strong arms can wield two-handed weapons with a shield.


Message History

Unknown command.
Aiming: Throw Flame
Press: ? - help, Shift-Dir - straight line, f/p - river rat
Aim: a river rat (almost dead, more vulnerable to fire, 64% to hit)
The puff of flame hits the water moccasin.
The water moccasin is moderately wounded.
The water moccasin bites you but does no damage.
Unknown command.
Aiming: Throw Flame
Press: ? - help, Shift-Dir - straight line, f/p - river rat
Aim: a river rat (almost dead, more vulnerable to fire, 64% to hit)
The puff of flame misses the water moccasin.
The puff of flame hits the river rat.
The river rat is almost dead.
The water moccasin bites you!
You are poisoned.
The water moccasin poisons you! The water moccasin closely misses you.
An adder comes into view.
It was a potion of attraction.
You feel attractive to monsters.
You feel very sick. The water moccasin misses you.
The rat is attracted toward you. The adder is attracted toward you.
You feel very sick. The rat misses you. The water moccasin bites you!
* * * LOW HITPOINT WARNING * * *
You see here a water moccasin corpse.
* * * LOW HITPOINT WARNING * * *
You feel sick.
The river rat is no longer more vulnerable to fire.
The rat is attracted toward you.
It was a potion of berserk rage.
Your stasis prevents you from going berserk.
* * * LOW HITPOINT WARNING * * *
You feel sick. The water moccasin closely misses you.
You are confused.
You feel invigorated.
* * * LOW HITPOINT WARNING * * *
You feel sick. The water moccasin bites you.
You die...

#.# #.# # ###.# .# #
..#.# .# . #.#.###.### {
.# #)#.......# #.#
#.......### ##.##
#....†##### ###### .†#.#
......†.†.###.#.@###...#
#.....###)##.#†##Srrr..#
##...##
#...#.###r##r##..# ##.##
####.## ##§r#r# #.# ###
##


#rS #.# ##§ #.# .. .. . You could see a water moccasin, 2 river rats and 3 rats.

Vanquished Creatures
  A water moccasin (D:6)
  3 kobold brigands (D:6)
  A scorpion (D:5)
  A howler monkey (D:5)
  3 hounds
  An orc priest (D:6)
  A sleepcap (D:5)
  2 orc wizards (D:6)
  A river rat (D:6)
  6 adders
  2 white imps (D:5)
  A worm (D:5)
  2 dart slugs (D:3)
  4 orcs
  3 ball pythons (D:3)
  5 endoplasms
  A giant cockroach (D:3)
  3 goblins
  2 hobgoblins
  6 jackals (D:3)
  4 quokkas
  2 bats
  2 frilled lizards
  13 kobolds
  10 rats
80 creatures vanquished.

Vanquished Creatures (others)
  218 foxfires
  11 plants (D:6)
229 creatures vanquished.

Grand Total: 309 creatures vanquished

Notes
Turn   | Place    | Note
-------+----------+-------------------------------------------
     0 | D:1      | nxttrainer the Formicid Fire Elementalist began the quest
                  | for the Orb.
     0 | D:1      | Reached XP level 1. HP: 13/13 MP: 3/3
    62 | D:1      | Reached skill level 1 in Conjurations
   243 | D:3      | Reached XP level 2. HP: 19/19 MP: 5/5
   329 | D:3      | Reached XP level 3. HP: 24/24 MP: 0/6
   441 | D:4      | Noticed a lemure
   441 | D:4      | Noticed a lemure
   575 | D:4      | Reached XP level 4. HP: 30/30 MP: 8/8
   585 | D:4      | Found a large runed translucent door.
   586 | D:4      | Found a large runed translucent door.
   602 | D:4      | Found a burning altar of Makhleb.
   614 | D:4      | Found a glowing golden altar of the Shining One.
   658 | D:4      | Reached skill level 4 in Fire Magic
   658 | D:4      | Noticed Eustachio
   776 | D:5      | Entered Level 5 of the Dungeon
   808 | D:5      | Reached XP level 5. HP: 35/35 MP: 9/9
   812 | D:5      | Learned a level 2 spell: Scorch
   812 | D:5      | Noticed a black bear
  1035 | D:5      | Reached XP level 6. HP: 41/41 MP: 10/10
  1052 | D:5      | Reached skill level 5 in Fire Magic
  1130 | D:6      | Reached XP level 7. HP: 46/46 MP: 4/12
  1499 | D:6      | Noticed a water moccasin
  1508 | D:6      | Killed a water moccasin
  1516 | D:6      | Reached skill level 6 in Fire Magic
  1516 | D:6      | Reached XP level 8. HP: 28/52 MP: 14/14
  1589 | D:6      | Slain by a water moccasin

Illustrated notes

Levels and vault maps discovered:
D:1:      dpeg_arrival_rooms_with_view, layout_basic, minmay_hexomino_r4
D:2:      layout_basic, ebering_ecumenical_altar_hall
D:3:      layout_basic
D:4:      layout_rooms, jmf_multi_god_temple2, uniq_pikel, uniq_eustachio
D:5:      layout_gridville
D:6:      lemuel_ratsnest, layout_loops_ring, minmay_temple_entry_proselytizer,
          nicolae_ossuary_entry_false_entrances, lexackson_kobold_supper

Skill      XL: |  1  2  3  4  5  6  7 |
---------------+----------------------+-----
Conjurations   | 1 2 3 4 |  4.7
Fire Magic     | 4 5 6 |  6.1
Spellcasting   | 3 4 |  4.2
Dodging        | |  1.7
Stealth        | |  2.4

Action                     |  1- 3 |  4- 6 |  7- 9 || total
---------------------------+-------+-------+-------++-------
  Melee: Dagger            |     5 |     4 |    41 ||    50
         Punch             |       |       |     1 ||     1
   Cast: Foxfire           |    48 |    65 |    39 ||   152
         Scorch            |       |     2 |     3 ||     5
  Evoke: Wand              |       |       |    10 ||    10
    Use: Potion            |       |       |     4 ||     4
 Armour: Robe              |       |     1 |     6 ||     7
  Dodge: Dodged            |     6 |    11 |    42 ||    59

Table legend: (Time is in decaauts)
 A = Elapsed time spent in this place.
 B = Non-inter-level travel time spent in this place.
 C = Inter-level travel time spent in this place.
 D = Time resting spent in this place.
 E = Time spent auto-exploring this place.
 F = Levels seen in this place.
 G = Mean time per level.
                   A        B        C        D        E       F      G
               +--------+--------+--------+--------+--------+-----+--------+
         Total |   1588 |   1567 |     21 |      0 |     24 |   6 |  264.7 |
       Dungeon |   1588 |   1567 |     21 |      0 |     24 |   6 |  264.7 |
               +--------+--------+--------+--------+--------+-----+--------+

Top non-repeatable levels by time:
     D:6: 493 daAuts
     D:3: 339 daAuts
     D:5: 319 daAuts
     D:4: 183 daAuts
     D:1: 178 daAuts
     D:2: 74 daAuts
